Map: [ESL] Waterfall

Players

Krystianer - Winner!

  • Race: Protoss Protoss
  • Spawn Location: 7:00

Gerald

  • Race: Protoss Protoss
  • Spawn Location: 1:00

Event: DreamHack SC2 Masters 2022 Atlanta (Online)

VOD

Have the link to the VOD?

Description

Time

  • Played on: Oct. 12, 2022, 1:05 p.m.
  • Length: 8:32

All games in this series

Show
View Real Time Build Order
Export as new Build Order

Krystianer Protoss - Winner!

Build Orders:  

Get SALT Encoding   

  12  0:00  Probe  
  13  0:12  Probe  
  14  0:16  Pylon  
  14  0:24  Probe (Chrono Boost)  
  16  0:36  Probe (Chrono Boost), Gateway  
  16  0:43  Probe (Chrono Boost)  
  16  0:45  Assimilator  
  17  0:50  Probe  
  17  0:54  Assimilator  
  18  1:03  Probe (Chrono Boost)  
  19  1:07  Gateway  
  20  1:12  Probe (Chrono Boost)  
  20  1:17  Probe (Chrono Boost)  
  20  1:24  Cybernetics Core  
  21  1:29  Probe  
  22  1:34  Pylon  
  22  1:41  Probe  
  23  1:53  Probe  
  24  2:00  Adept x2  
  24  2:01  Warp Gate (Chrono Boost)  
  28  2:05  Probe  
  29  2:10  Pylon  
  29  2:17  Probe  
  30  2:30  Adept x2  
  34  2:46  Nexus  
  34  3:01  Adept x2  
  38  3:10  Robotics Facility  
  37  3:17  Pylon  
  37  3:18  Probe  
  38  3:30  Probe  
  38  3:32  Shield Battery  
  39  3:42  Probe, Stalker x2  
  44  3:54  Probe  
  45  3:57  Shield Battery  
  46  4:06  Stalker  
  46  4:07  Stalker  
  46  4:08  Probe  
  44  4:21  Probe x2 (Chrono Boost)  
  44  4:32  Probe x2 (Chrono Boost)  
  44  4:37  Probe x2 (Chrono Boost), Stalker  
  44  4:38  Stalker  
  46  4:47  Probe x2  
  46  4:50  Immortal (Chrono Boost)  
  48  4:58  Shield Battery  
  52  5:01  Sentry x2  
  52  5:03  Probe  
  52  5:06  Probe  
  58  5:10  Pylon  
  56  5:28  Immortal (Chrono Boost)  
  56  5:33  Probe x2  
  56  5:34  Twilight Council  
  62  5:37  Pylon  
  62  5:44  Gateway x2  
  62  5:49  Gateway  
  62  5:52  Gateway  
  62  6:02  Stalker x2  
  62  6:03  Probe x2  
  68  6:07  Resonating Glaives (Chrono Boost)  
  68  6:12  Warp Prism (Chrono Boost)  
  70  6:26  Gateway x2  
  70  6:32  Pylon  
  70  6:41  Adept x4  
  70  6:46  Pylon  
  78  6:51  Observer  
  78  6:52  Adept x2  
  83  7:02  Pylon  
  83  7:08  Adept x4  
  91  7:19  Observer (Chrono Boost)  
  92  7:24  Adept x3  
  98  7:32  Adept x2  
  94  7:51  Pylon  
  94  7:52  Pylon  
  94  7:53  Adept x4  
  80  8:00  Adept x3  
  78  8:24  Adept x8  
Show
View Real Time Build Order
Export as new Build Order

Gerald Protoss 

Build Orders: Blink Stalkers 

Get SALT Encoding   

  12  0:00  Probe  
  13  0:12  Probe  
  14  0:17  Pylon  
  14  0:24  Probe (Chrono Boost)  
  16  0:37  Probe (Chrono Boost)  
  16  0:38  Gateway  
  16  0:42  Probe (Chrono Boost)  
  16  0:46  Assimilator  
  17  0:51  Probe  
  17  0:55  Assimilator  
  18  1:03  Probe (Chrono Boost)  
  19  1:08  Gateway  
  19  1:12  Probe (Chrono Boost)  
  19  1:17  Probe (Chrono Boost)  
  20  1:25  Cybernetics Core  
  21  1:30  Probe  
  22  1:35  Pylon  
  22  1:42  Probe  
  23  1:54  Probe  
  23  2:01  Stalker x2  
  26  2:02  Warp Gate (Chrono Boost)  
  26  2:06  Probe  
  29  2:11  Pylon  
  29  2:21  Probe  
  30  2:27  Pylon  
  30  2:33  Adept x2  
  34  2:43  Twilight Council  
  33  2:56  Shield Battery  
  33  2:57  Shield Battery  
  33  3:00  Probe  
  35  3:22  Nexus  
  35  3:27  Blink (Chrono Boost)  
  35  3:34  Probe  
  35  3:43  Pylon  
  35  3:48  Stalker  
  37  3:50  Probe  
  38  4:02  Stalker  
  40  4:07  Probe  
  31  4:19  Probe  
  32  4:24  Stalker  
  32  4:31  Probe (Chrono Boost)  
  31  4:38  Pylon  
  31  4:40  Probe (Chrono Boost)  
  31  4:43  Probe (Chrono Boost)  
  31  4:45  Probe (Chrono Boost)  
  32  4:53  Probe  
  31  5:01  Probe  
  31  5:04  Gateway  
  32  5:08  Probe  
  32  5:13  Probe  
  34  5:21  Probe  
  31  5:25  Probe  
  32  5:29  Adept  
  32  5:30  Adept  
  36  5:36  Probe (Chrono Boost)  
  36  5:37  Probe (Chrono Boost)  
  38  5:43  Robotics Facility  
  38  5:47  Probe (Chrono Boost)  
  38  5:48  Probe (Chrono Boost)  
  40  5:52  Probe (Chrono Boost)  
  40  5:55  Probe  
  42  6:03  Probe  
  39  6:08  Probe  
  39  6:09  Stalker x2  
  44  6:12  Shield Battery  
  44  6:14  Sentry  
  44  6:15  Probe  
  47  6:20  Probe  
  48  6:28  Probe  
  48  6:32  Observer, Robotics Bay, Probe  
  51  6:34  Sentry, Stalker  
  55  6:44  Probe  
  56  6:47  Gateway  
  56  6:48  Probe, Assimilator  
  56  6:51  Pylon  
  57  6:55  Immortal (Chrono Boost)  
  61  7:05  Shield Battery  
  61  7:10  Pylon  
  61  7:14  Stalker x2  
  65  7:20  Gateway  
  65  7:24  Disruptor (Chrono Boost)  
  65  7:29  Probe  
  69  7:33  Gateway, Probe  
  64  7:47  Zealot, Stalker x2  
  43  8:13  Stalker x3  
Tags
 
Add a new tag
Caveats
  • Supply blocks, unpowered buildings, or Contaminate may cause inaccurate times.
  • Supply counts are checked every 10 seconds.